 Dungeon Crawl Stone Soup version 0.28.0-53-g5a82cb258f (webtiles) character file.

Game seed: 13161846298567726090

38961 Uilleam the Peltast (level 13, -26/107 HPs)
             Began as a Minotaur Monk on July 31, 2022.
             Was the Champion of Hepliaklqana.
             Annihilated by an enormous slime creature (67 damage)
             ... on level 14 of the Dungeon on Aug 3, 2022.
             The game lasted 02:48:36 (16126 turns).

Uilleam the Peltast (Minotaur Monk)                Turns: 16126, Time: 02:48:37

Health: -26/107    AC: 13    Str: 30    XL:     13   Next: 66%
Magic:  0/12       EV: 20    Int:  7    God:    Hepliaklqana [******]
Gold:   815        SH: 15    Dex: 20    Spells: 12/12 levels left

rFire   . . .      SeeInvis .   v - +8 mace "Saneaq Huxzi" {freeze, Str+3}
rCold   x . .      Faith    .   N - +0 kite shield
rNeg    . . .      Spirit   +   n - +5 ring mail of Parlour Games {rC- Regen+ Str+5}
rPois   .          Reflect  .   u - +1 hat
rElec   .          Harm     .   (no cloak)
rCorr   .          Rampage  .   c - +0 pair of gloves
Will    .....      Rage     1%  f - +0 pair of boots
Stlth   ++........              S - amulet of guardian spirit
HPRegen 1.07/turn               C - +6 ring of dexterity
MPRegen 0.13/turn               P - +4 ring of evasion

@: no status effects
A: reduced essence, horns 2, retaliatory headbutt, berserk 1, deformed body,
deterioration 1, strong 1
a: Renounce Religion, Recall Ancestor, Ancestor Identity, Transference, Idealise


You were on level 14 of the Dungeon.
You worshipped Hepliaklqana.
Hepliaklqana was exalted by your worship.
You visited 2 branches of the dungeon, and saw 16 of its levels.
You also visited: Bailey.

You collected 1699 gold pieces.
You spent 884 gold pieces at shops.

Inventory:

Hand Weapons
 q - a +2 hand axe of flaming
 v - the +8 mace "Saneaq Huxzi" (weapon) {freeze, Str+3}
   (You found it on level 5 of the Dungeon)

   It freezes those it strikes, dealing additional cold damage.
   It can also slow down cold-blooded creatures.
   Str:       It affects your strength (+3).
 y - a +4 mace of holy wrath
 L - a +3 spear of venom
Missiles
 g - 3 boomerangs of dispersal
 h - 26 poisoned darts
 Q - 3 throwing nets (quivered)
Armour
 c - a +0 pair of gloves (worn)
 f - a +0 pair of boots (worn)
 n - the +5 ring mail of Parlour Games (worn) {rC- Regen+ Str+5}
   (You found it on level 2 of the Dungeon)

   Str:       It affects your strength (+5).
   rC:        It makes you vulnerable to cold.
   Regen:     It increases your rate of health regeneration.
 r - a +0 plate armour of fire resistance
 s - a +2 robe of positive energy
 u - a +1 hat (worn)
 z - a +2 cloak of preservation
 G - +0 swamp dragon scales
 K - a +1 robe of willpower
 N - a +0 kite shield (worn)
Jewellery
 a - a ring of wizardry
 i - a ring of ice
 w - an amulet of reflection
 C - a +6 ring of dexterity (left hand)
 P - a +4 ring of evasion (right hand)
 R - an amulet of regeneration
 S - an amulet of guardian spirit (around neck)
 U - a +6 ring of dexterity
Wands
 j - a wand of flame (21)
 l - a wand of polymorph (2)
 B - a wand of iceblast (21)
 H - a wand of acid (9)
 J - a wand of paralysis (11)
Scrolls
 b - a scroll of fear
 e - 2 scrolls of magic mapping
 k - 5 scrolls of identify
 t - 11 scrolls of teleportation
 x - a scroll of blinking
 D - a scroll of enchant weapon
 F - 2 scrolls of fog
 M - a scroll of holy word
 T - a scroll of torment
Potions
 d - 3 potions of flight
 o - 7 potions of attraction
 E - a potion of curing
Miscellaneous
 m - a tin of tremorstones (inert)
 p - a condenser vane (inert)
 O - a phantom mirror (inert)


   Skills:
 * Level 12.8 Fighting
 - Level 0.3(9.2) Axes
 + Level 14.2 Maces & Flails
 + Level 9.7 Armour
 + Level 8.9 Dodging
 - Level 1.6 Stealth
 * Level 17.1 Shields


You had 12 spell levels left.
You didn't know any spells.
Your spell library contained the following spells:

 Spells                   Type           Power      Damage    Failure   Level
 Animate Skeleton         Necr           0%         N/A       69%         1
 Freeze                   Ice            0%         1d3       69%         1
 Pain                     Necr           0%         1d4       69%         1
 Sting                    Tmut/Pois      0%         1d3       69%         1
 Frozen Ramparts          Ice            0%         1d2       96%         3
 Ignite Poison            Fire/Tmut/Pois 0%         N/A       96%         3
 Animate Dead             Necr           0%         N/A       100%        4
 Hailstorm                Conj/Ice       0%         3d3       100%        4
 Alistair's Intoxication  Tmut/Pois      0%         N/A       100%        5
 Borgnjor's Vile Clutch   Necr/Erth      0%         N/A       100%        5
 Death Channel            Necr           0%         N/A       100%        6
 Eringya's Noxious Bog    Tmut/Pois      0%         N/A       100%        6
 Orb of Destruction       Conj           0%         9d5       100%        7


Dungeon Overview and Level Annotations

Branches:
Dungeon (14/15)            Temple (0/1) D:6            Lair (0/6) D:8
    Orc (2/2) D:11            Elf (0/3) Orc:2        Bailey (visited)
 Vaults: D:13-14

Altars:
Ashenzari
Dithmenos
Elyvilon
Fedhas
Hepliaklqana
Makhleb
Okawaru
Qazlal
Ru
Trog
Wu Jian
Xom
Beogh

Shops:
D:5 !   D:7 *   D:9 *([=[   D:13 *   Orc:1 (   Orc:2 ((::**


Innate Abilities, Weirdness & Mutations

Your life essence is reduced to manifest your ancestor. (-10% HP)
You have a pair of horns on your head.
You reflexively headbutt those who attack you in melee.
You tend to lose your temper in combat.
Armour fits poorly on your strangely shaped body.
Your body sometimes deteriorates upon taking damage.
Your muscles are strong. (Str +2)


Message History

Your slime creature dies!
Your slime creature shimmers and vanishes!
A very large slime creature splits.
A titanic slime creature splits.
Your large slime creature hits the very large slime creature.
Two slime creatures merge to form an enormous slime creature.
Cyneburga hits the enormous slime creature with a +0 flail.
Two slime creatures merge to form a very large slime creature.
Your slime creature hits the enormous slime creature.
Cyneburga hits the enormous slime creature with a +0 flail.
The large slime creature hits Cyneburga!!
Your slime creature hits the enormous slime creature!
Your very large slime creature hits the enormous slime creature!
Cyneburga hits the enormous slime creature with a +0 flail!
Your slime creature completely misses the enormous slime creature.
The large slime creature hits Cyneburga!!
Cyneburga is destroyed!
The enormous slime creature quivers.
Your very large slime creature shimmers and vanishes!
Your slime creature shimmers and vanishes!
An enormous slime creature splits.
Two slime creatures merge to form an enormous slime creature.
There is an open door here.
The tremorstone explodes into fragments!
The burst of rock shards engulfs the enormous slime creature!!
You hear an angry hiss.
An enormous slime creature splits.
You block the large slime creature's attack.
The tremorstone explodes into fragments!
The burst of rock shards engulfs the large slime creature!!
The tin is emptied!
Two slime creatures merge to form an enormous slime creature.
You hit the enormous slime creature. You freeze the enormous slime creature.
You headbutt the enormous slime creature!
The enormous slime creature is almost dead.
You sock the enormous slime creature! You freeze the enormous slime creature.
The enormous slime creature is almost dead.
The enormous slime creature hits you!!!!
Ouch! That really hurt!
You die...

...##.##.# #. ..#
...##.##.# ####.########.?#
#..##.##.# #..#.......#...#
#..##.##.# #..#.......#..#
#.....##.# #.####...####.#
#..#####.###..#.......#..#
#..# #...#...#..J#...#..#
#..# #.......###J#J###....
#..####...###...@.#...!.###
#..#........#^....#_....#
#...........#...#####...#
##..........#..... ...#
...####...###.....# ...#
#### #.#.....###+# ##..
#...##..# ##.###..# .# #.#


You could see an enormous slime creature and a large slime creature.

Vanquished Creatures
  3 boulder beetles
  A rakshasa (D:14)
  An ogre mage (D:12)
  2 hydras
  3 centaur warriors
  4 two-headed ogres
  2 orc high priests (Orc:2)
  Sonja (D:12)
  4 skeletal warriors (D:12)
  An orc knight (Orc:1)
  Pikel (D:8)
  An orc sorcerer (Orc:2)
  A mana viper (shapeshifter) (D:12)
  2 deep elf pyromancers (D:13)
  A manticore (D:12)
  A moth of wrath (shapeshifter) (D:13)
  3 cyclopes
  11 ugly things
  Joseph (D:9)
  A kobold demonologist (D:12)
  Maggie (D:6)
  2 freezing wraiths (D:12)
  2 trolls
  A meliai zombie (D:11)
  A centaur simulacrum (D:14)
  2 wraiths
  2 yaks (D:7)
  2 wyverns
  A fire elemental (D:13)
  3 vampire mosquitoes (D:14)
  2 wargs (Orc:1)
  10 orc warriors
  2 sky beasts
  3 boggarts (D:10)
  6 ogres
  5 wolves (Bailey)
  A lemure (D:8)
  10 centaurs
  A phantom (D:6)
  A kobold brigand (D:9)
  2 bullfrogs
  5 gnoll sergeants (Bailey)
  2 scorpions
  A wyvern zombie (D:5)
  A troll zombie (D:11)
  4 killer bees (D:9)
  5 wights
  A howler monkey (D:8)
  A centaur zombie (D:5)
  6 hounds
  A centaur skeleton (D:6)
  3 jellies (D:4)
  25 orc priests
  3 gnoll shamans (Bailey)
  An iguana (D:5)
  14 orc wizards
  3 ogre zombies (D:11)
  A hound zombie (D:5)
  Robin (D:2)
  14 gnolls
  4 adders (D:4)
  An ufetubus (D:5)
  A worm (D:3)
  3 dart slugs
  36 orcs
  5 bats
  5 endoplasms
  5 giant cockroaches
  15 goblins
  11 hobgoblins
  2 jackals (D:1)
  6 quokkas
  4 ball pythons
  4 frilled lizards
  A goblin skeleton (D:11)
  A goblin zombie (D:11)
  2 hobgoblin zombies (D:11)
  10 kobolds
  An orc skeleton (D:11)
  13 orc zombies (D:11)
  3 rats
330 creatures vanquished.

Vanquished Creatures (collateral kills)
  The ghost of Flure the Unseen, a journeyman KoBr of Dithmenos (Orc:2)
  A hydra (D:11)
  An ogre mage (D:12)
  2 centaur warriors (D:14)
  2 orc high priests (Orc:2)
  A cyclops (D:13)
  Maurice (D:8)
  A kobold demonologist (D:9)
  A troll (D:12)
  A wraith (D:12)
  A shadow (D:11)
  3 yaks (D:7)
  A wyvern (D:4)
  A vampire mosquito (D:14)
  A sky beast (D:5)
  4 orc warriors
  An ogre (Orc:1)
  A wolf (Bailey)
  A lemure (D:8)
  A centaur (D:14)
  2 phantoms (D:11)
  A bullfrog (D:9)
  3 gnoll sergeants
  A wyvern zombie (D:8)
  Dowan (D:4)
  A troll zombie (D:11)
  2 killer bees (D:9)
  2 wights (D:7)
  A centaur zombie (D:9)
  A centaur skeleton (D:5)
  3 orc priests (Orc:2)
  Crazy Yiuf (D:5)
  3 gnoll shamans
  Jessica (D:2)
  2 iguanas (D:5)
  An orc wizard (Orc:2)
  3 ogre zombies (D:11)
  7 gnolls
  3 adders
  An ufetubus (D:4)
  A worm (D:4)
  11 orcs
  A ball python (D:3)
  A bat (D:1)
  An endoplasm (D:4)
  A giant cockroach (D:5)
  3 hobgoblins
  2 quokkas
  7 goblins
  A hobgoblin skeleton (D:11)
  A hobgoblin zombie (D:11)
  A kobold (D:9)
  5 orc zombies (D:11)
  A rat (D:2)
104 creatures vanquished.

Vanquished Creatures (others)
  Duvessa (D:4)
  4 knights
  4 demonic plants (D:1)
  8 fungi
  9 plants (D:1)
  A withered plant (D:1)
27 creatures vanquished.

Grand Total: 461 creatures vanquished

Notes
Turn   | Place    | Note
-------+----------+-------------------------------------------
     0 | D:1      | Uilleam the Minotaur Monk began the quest for the Orb.
     0 | D:1      | Reached XP level 1. HP: 19/19 MP: 0/0
   169 | D:1      | Reached XP level 2. HP: 16/27 MP: 1/1
   357 | D:1      | Found a faded altar of an unknown god.
   374 | D:1      | Prayed at the altar of an unknown god.
   374 | D:1      | Became a worshipper of Hepliaklqana the Forgotten
   374 | D:1      | Reached * piety under Hepliaklqana
   374 | D:1      | Reached ** piety under Hepliaklqana
   375 | D:1      | Remembered your ancestor Cyneburga as a knight
   670 | D:1      | Reached *** piety under Hepliaklqana
   677 | D:1      | Reached XP level 3. HP: 29/29 MP: 2/2
   891 | D:2      | Reached skill level 1 in Armour
  1211 | D:2      | Reached XP level 4. HP: 36/36 MP: 3/3
  1266 | D:2      | Identified the +5 ring mail of Parlour Games {rC- Regen+
                  | Str+5}
  1713 | D:2      | Noticed Jessica
  1726 | D:2      | Killed Jessica
  1727 | D:2      | Reached skill level 5 in Maces & Flails
  1773 | D:2      | Got Jessica's Papyrus of Unholy Magic
  1861 | D:2      | Noticed Robin
  1879 | D:2      | Killed Robin
  1880 | D:2      | Reached XP level 5. HP: 42/42 MP: 4/4
  2415 | D:3      | Reached **** piety under Hepliaklqana
  3929 | D:4      | Found an iron altar of Okawaru.
  3943 | D:4      | Noticed Duvessa
  3957 | D:4      | Killed Duvessa
  3958 | D:4      | Reached skill level 5 in Fighting
  3958 | D:4      | Reached XP level 6. HP: 44/50 MP: 5/5
  3971 | D:4      | Found a burning altar of Makhleb.
  3977 | D:4      | Noticed Dowan
  3981 | D:4      | Killed Dowan
  4123 | D:4      | Reached skill level 5 in Armour
  4123 | D:4      | Reached XP level 7. HP: 54/54 MP: 3/6
  4513 | D:4      | Noticed a wyvern
  4521 | D:4      | Killed a wyvern
  4870 | D:5      | Entered Level 5 of the Dungeon
  4935 | D:5      | Found a runed translucent door.
  4936 | D:5      | Noticed Crazy Yiuf
  4945 | D:5      | Killed Crazy Yiuf
  4949 | D:5      | Identified the +8 mace "Saneaq Huxzi" {freeze, Str+3}
  5110 | D:5      | Found a glowing drain.
  5119 | D:5      | Reached XP level 8. HP: 63/63 MP: 7/7
  5356 | D:5      | Found Ytsogyn's Distillery.
  5361 | D:5      | Bought a potion of invisibility for 80 gold pieces
  5362 | D:5      | Gained mutation: Your flesh is heat resistant. (rF+)
                  | [potion of mutation]
  5363 | D:5      | Lost mutation: Your flesh is heat resistant. (rF+) [potion
                  | of mutation]
  5363 | D:5      | Gained mutation: You have an increased reservoir of magic.
                  | (+10% MP) [potion of mutation]
  5363 | D:5      | Gained mutation: Armour fits poorly on your strangely
                  | shaped body. [potion of mutation]
  5363 | D:5      | Gained mutation: You are frail. (-10% HP) [potion of
                  | mutation]
  5363 | D:5      | Gained mutation: You are somewhat resistant to further
                  | mutation. [potion of mutation]
  5541 | D:5      | Found a bloodstained altar of Trog.
  5808 | D:6      | Reached skill level 1 in Shields
  5887 | D:6      | Reached ***** piety under Hepliaklqana
  5940 | D:6      | Noticed Maggie
  5951 | D:6      | Killed Maggie
  5952 | D:6      | Reached skill level 5 in Dodging
  5999 | D:6      | Found a staircase to the Ecumenical Temple.
  6027 | D:6      | Found a broken altar of Ashenzari.
  6048 | D:6      | Lost mutation: You have an increased reservoir of magic.
                  | (+10% MP) [potion of mutation]
  6048 | D:6      | Lost mutation: You are frail. (-10% HP) [potion of
                  | mutation]
  6048 | D:6      | Lost mutation: You are somewhat resistant to further
                  | mutation. [potion of mutation]
  6048 | D:6      | Gained mutation: You tend to lose your temper in combat.
                  | [potion of mutation]
  6048 | D:6      | Gained mutation: Your body sometimes deteriorates upon
                  | taking damage. [potion of mutation]
  6048 | D:6      | Gained mutation: Your muscles are strong. (Str +2) [potion
                  | of mutation]
  6357 | D:6      | Found a shimmering altar of Xom.
  6362 | D:6      | Found a stormy altar of Qazlal.
  6374 | D:6      | Found a blossoming altar of Fedhas.
  6745 | D:7      | Identified the +8 quarterstaff of Ytaedgh {pain, rCorr
                  | Str+3 Int-3 Stlth+}
  6809 | D:7      | Reached XP level 9. HP: 72/72 MP: 8/8
  6855 | D:7      | Reached skill level 2 in Shields
  6932 | D:7      | Found Jagoco Sauq's Assorted Antiques.
  6935 | D:7      | Bought a scroll of identify for 34 gold pieces
  7149 | D:7      | Reached skill level 10 in Maces & Flails
  7149 | D:7      | Reached skill level 3 in Shields
  7582 | D:8      | Found a flagged portal.
  7594 | Bailey   | Entered a bailey
  7694 | Bailey   | Reached skill level 4 in Shields
  7783 | Bailey   | Reached skill level 5 in Shields
  7848 | Bailey   | Reached XP level 10. HP: 80/81 MP: 9/9
  7881 | Bailey   | Reached skill level 6 in Shields
  8195 | D:8      | Found a white marble altar of Elyvilon.
  8390 | D:8      | Noticed Pikel
  8401 | D:8      | Killed Pikel
  8402 | D:8      | Reached skill level 7 in Shields
  8431 | D:8      | Noticed Maurice
  8457 | D:8      | Killed Maurice
  8606 | D:8      | Found a staircase to the Lair.
  8764 | D:9      | Noticed Joseph
  8775 | D:9      | Killed Joseph
  8776 | D:9      | Reached skill level 8 in Shields
  8788 | D:9      | Found Ickoborch's General Store.
  9076 | D:9      | Found Minetaedul's Armour Shop.
  9139 | D:9      | Identified the +10 arbalest of the Disturbing Knives
                  | {venom, Fragile Dex+2 SInv}
  9155 | D:9      | Reached skill level 9 in Shields
  9206 | D:9      | Found Xaniopp's Jewellery Boutique.
  9249 | D:9      | Found Kuink's Armour Boutique.
  9337 | D:9      | Found Tosumop's Weapon Boutique.
  9769 | D:10     | Entered Level 10 of the Dungeon
  9840 | D:10     | Noticed a two-headed ogre
  9849 | D:10     | Killed a two-headed ogre
  9850 | D:10     | Reached skill level 10 in Shields
  9850 | D:10     | Reached XP level 11. HP: 68/89 MP: 10/10
  9874 | D:10     | Reached ****** piety under Hepliaklqana
  9951 | D:10     | Noticed a two-headed ogre
  9957 | D:10     | Killed a two-headed ogre
  9958 | D:10     | Reached skill level 10 in Fighting
 10123 | D:10     | Noticed a centaur warrior
 10123 | D:10     | Noticed a two-headed ogre
 10128 | D:10     | Noticed a tengu warrior
 11389 | D:10     | Found an ornate altar of the Wu Jian Council.
 11498 | D:10     | Found a shadowy altar of Dithmenos.
 11739 | D:11     | Found a staircase to the Orcish Mines.
 11770 | D:11     | Noticed a boulder beetle
 11813 | D:11     | Killed a boulder beetle
 11814 | D:11     | Reached skill level 11 in Shields
 12133 | D:11     | Noticed a six-headed hydra
 12141 | D:11     | Killed a six-headed hydra
 12311 | Orc:1    | Entered Level 1 of the Orcish Mines
 12311 | Orc:1    | Found Etes's Antique Weapon Shoppe.
 12489 | Orc:2    | Entered Level 2 of the Orcish Mines
 12592 | Orc:2    | Found a runed translucent door.
 12593 | Orc:2    | Noticed Flure's ghost (journeyman KoBr)
 12620 | Orc:2    | Killed Flure's ghost
 12684 | Orc:2    | Found a staircase to the Elven Halls.
 12708 | Orc:2    | Noticed an orc high priest
 12711 | Orc:2    | Noticed an orc sorcerer
 12720 | Orc:2    | Reached skill level 12 in Shields
 12723 | Orc:2    | Killed an orc sorcerer
 12732 | Orc:2    | Noticed an orc high priest
 12732 | Orc:2    | Killed an orc high priest
 12735 | Orc:2    | Killed an orc high priest
 12739 | Orc:2    | Noticed an orc high priest
 12744 | Orc:2    | Killed an orc high priest
 12745 | Orc:2    | Reached XP level 12. HP: 51/99 MP: 11/11
 12750 | Orc:2    | Found Cimuynt's Book Shoppe.
 12750 | Orc:2    | Found Kuanuf's Antique Weapon Emporium.
 12750 | Orc:2    | Found Foracwit's Book Shoppe.
 12758 | Orc:2    | Found Icvessaa's Weapon Emporium.
 12761 | Orc:2    | Reached skill level 13 in Shields
 12839 | Orc:2    | Noticed an orc high priest
 12846 | Orc:2    | Killed an orc high priest
 12916 | Orc:2    | Found Nyograg's Specific Store.
 12929 | Orc:2    | Found Piepun's General Store.
 14040 | D:12     | Noticed a six-headed hydra
 14040 | D:12     | Noticed a centaur warrior
 14040 | D:12     | Noticed an ogre mage
 14046 | D:12     | Killed a centaur warrior
 14049 | D:12     | Paralysed by something for 3 turns
 14054 | D:12     | Killed an ogre mage
 14055 | D:12     | Reached skill level 14 in Shields
 14074 | D:12     | Killed a six-headed hydra
 14121 | D:12     | Identified the +1 ring mail of Ornamental Brilliance
                  | {Stlth+}
 14144 | D:12     | Noticed an ogre mage
 14152 | D:12     | Killed an ogre mage
 14256 | D:12     | Reached skill level 15 in Shields
 14340 | D:12     | Got the Volume of Confrontation and Poison
 14587 | D:12     | Noticed a two-headed ogre
 14593 | D:12     | Killed a two-headed ogre
 14627 | D:12     | Noticed Sonja
 14635 | D:12     | Killed Sonja
 14821 | D:13     | Noticed a boulder beetle
 14821 | D:13     | Found Vuxzif's General Store.
 14846 | D:13     | Noticed a boulder beetle
 14849 | D:13     | Killed a boulder beetle
 14850 | D:13     | Reached XP level 13. HP: 63/106 MP: 12/12
 14915 | D:13     | Bought a phantom mirror for 440 gold pieces
 14915 | D:13     | Bought an amulet of guardian spirit for 330 gold pieces
 15218 | D:13     | Reached skill level 16 in Shields
 15766 | D:14     | Reached skill level 17 in Shields
 16102 | D:14     | Found a sacrificial altar of Ru.
 16126 | D:14     | Annihilated by an enormous slime creature

Illustrated notes

Levels and vault maps discovered:
D:1:      minmay_arrival_radiant_lines, layout_rooms,
          shapermc_ecumenical_altar_gd
D:2:      layout_basic, kennysheep_jessica_study, uniq_robin
D:3:      cheibrodos_greedy_goblins, layout_loops_ring, uniq_jessica
D:4:      layout_basic, grunt_temple_overflow_open,
          minmay_fractal_squares_diagonal_5, uniq_duvessa
D:5:      layout_cave_pools, nicolae_overflow_hidden_temple,
          gup_sewer_entry_pipe, serial_shops, kennysheep_mini,
          uniq_crazy_yiuf_cottage
D:6:      layout_loops_corners, minmay_overflow_temple_star_quad,
          cheibrodos_ashenzari_chains, minmay_temple_entry_from_below_b,
          st_stairs_12, uniq_maggie
D:7:      layout_basic, serial_shops, nicolae_shop_behind_doors,
          item_on_display_a
D:8:      layout_basic, elyvilon_altar_1, lair_entry_dummy, enter_bailey_3,
          uniq_maurice, uniq_pikel
D:9:      layout_gridville, serial_shops, shop_fountains, nicolae_diamond_shop,
          nicolae_shop_crystal, nicolae_shop_waterfront, shop_statue,
          uniq_joseph
D:10:     layout_cave_pools, nicolae_wu_jian_glorious_leap,
          lemuel_coloured_pillars_altar, chequers_serial_rivers_small_b
D:11:     layout_basic, zombieorc2_lemuel
D:12:     minmay_the_grid_triangle_9x9_recursive_2
          [minmay_the_grid_triangle_9x9_prize_center,
          minmay_the_grid_triangle_9x9_minimal,
          minmay_the_grid_triangle_9x9_longest,
          minmay_the_grid_triangle_9x9_descending_squares],
          layout_irregular_city, nicolae_wwwww, uniq_sonja
D:13:     layout_loops_ring, serial_shops, shop, kennysheep_generic_room_4
D:14:     layout_loops_ring, david_vaults_5, serial_bayou_pond_e,
          hangedman_ru_absence
Orc:1:    layout_caves, nicolae_volcano_entry_hallway, serial_shops,
          nicolae_shop_waterfront
Orc:2:    st_orc_mages, layout_caves, gammafunk_ghost_grave, basic_altar,
          nicolae_specific_store

Skill      XL: |  1  2  3  4  5  6  7  8  9 10 11 12 13 |
---------------+----------------------------------------+-----
Maces & Flails | 4 5 6 7 9 10 11 12 13 14 | 14.2
Fighting       | 4 5 6 7 9 11 12 | 12.8
Armour         | 1 2 3 5 6 7 8 9 |  9.7
Dodging        | 4 5 6 7 8 |  8.9
Shields        | 1 5 10 12 15 17 | 17.1
Axes           | |  0.3
Stealth        | |  1.6

Action                   |  1- 3 |  4- 6 |  7- 9 | 10-12 | 13-15 || total
-------------------------+-------+-------+-------+-------+-------++-------
Melee: Mace              |    74 |    90 |   146 |   426 |    91 ||   827
       Headbutt          |     8 |    10 |    38 |    95 |    30 ||   181
       Punch             |     1 |     1 |       |       |       ||     2
       Unarmed           |       |     1 |       |     3 |       ||     4
       Hand axe          |       |       |    19 |       |       ||    19
Throw: Throwing net      |       |       |       |     2 |     2 ||     4
Invok: Ancestor Life: Kn |     1 |       |       |       |       ||     1
       Recall Ancestor   |       |     2 |       |       |       ||     2
Evoke: Wand              |       |       |     2 |     8 |     4 ||    14
       Condenser vane    |       |       |       |     2 |     1 ||     3
       Tin of tremorston |       |       |       |     1 |     2 ||     3
       Phantom mirror    |       |       |       |       |     1 ||     1
  Use: Scroll            |     3 |     4 |     8 |    11 |       ||    26
       Potion            |       |       |     6 |     8 |     5 ||    19
 Stab: Sleeping          |     2 |       |     1 |     1 |       ||     4
       Distracted        |     1 |       |     2 |     5 |     3 ||    11
       Held in net/web   |       |       |       |       |     1 ||     1
Armor: Robe              |     5 |       |       |       |       ||     5
       Chain mail        |     3 |       |       |       |       ||     3
       Ring mail         |       |    50 |    45 |    67 |    11 ||   173
Dodge: Dodged            |    27 |    55 |   124 |   187 |    36 ||   429
Block: Other             |       |       |    18 |       |       ||    18
       Reflection        |       |       |     1 |    14 |       ||    15
       Kite shield       |       |       |    84 |   415 |    54 ||   553
